Lightning vs Coyotes

Created - May 3, 2020 at 19:09

Goals
1 2 3 OT1 T
Lightning 0 1 0 0 1
Coyotes 0 1 0 1 2
Shots
1 2 3 OT1 T
Lightning 13 12 4 1 30
Coyotes 13 7 4 5 29

1st period

No Goal

Penalties :
No Penalty

2nd period

1. Lightning , Jaden Schwartz 19 (Rasmus Ristolainen 33, Jean-Gabriel Pageau 16) at 5:33 (PP)
2. Coyotes , Thomas Hickey 2 (Matt Donovan 12, Tyler Ennis 32) at 8:24

Penalties :
Joni Pitkanen (TB.) for Hooking (Minor) at 2:05, Matt Donovan (Ari) for Tripping (Minor) at 4:29, Tyler Ennis (Ari) for Hooking (Minor) at 12:26

3rd period

No Goal

Penalties :
Kris Versteeg (TB.) for Tripping (Minor) at 0:03, Rasmus Ristolainen (TB.) for Roughing (Minor) at 2:53, Jaden Schwartz (TB.) for Delaying the game (Minor) at 7:10, Henrik Zetterberg (TB.) for Hooking (Minor) at 15:02

Overtime #1

3. Coyotes , Nazem Kadri 12 (Zach Parise 33) at 3:01

Penalties :
No Penalty

Goalie Stats

Philipp Grubauer (TB.), 27 saves from 29 shots - (0.931), OTL, 35-20-7, 63:01 minutes
Maxime Daigneault (Ari), 29 saves from 30 shots - (0.967), W, 34-19-3, 63:01 minutes

Players Stats for Lightning

Player Name              G  A  P  +/- PIM S  H  SB GA TA FO     MP     PP MP  PK MP  
------------------------------------------------------------------------------------
Alex Goligoski           0  0  0   0  0   1  5  1  0  0  0/0    25:18   1:26   5:29 
Ben Lovejoy              0  0  0  -1  0   0  2  1  0  1  0/0    19:13   0:00   4:26 
Daniel Carcillo          0  0  0  -1  0   3  1  0  3  0  1/1    16:03   0:00   2:03 
Darren Helm              0  0  0   0  0   0  1  1  0  0  0/0     7:50   0:00   0:40 
Henrik Zetterberg        0  0  0  -1  2   4  3  0  1  0  0/1    21:12   1:24   3:55 
Jaden Schwartz           1  0  1   0  2   3  3  0  1  0  1/1    16:19   1:39   2:00 
Jean-Gabriel Pageau      0  1  1   0  0   4  0  0  0  0  8/11   15:52   1:39   1:25 
Jon Merrill              0  0  0  -1  0   0  2  0  0  1  0/0    20:30   0:00   5:29 
Joni Pitkanen            0  0  0   0  2   1  3  0  1  0  0/0    26:15   1:26   3:42 
Justin Schultz           0  0  0  -1  0   1  0  0  1  0  0/0    16:15   1:37   0:44 
Kris Versteeg            0  0  0  -1  2   3  2  0  0  0  0/1    15:43   1:24   0:00 
Mark Scheifele           0  0  0  -1  0   3  2  0  1  0  3/7    16:13   0:00   2:22 
Mikael Backlund          0  0  0   0  0   2  1  0  0  0  2/2     7:08   0:00   0:00 
Patrick Kaleta           0  0  0   0  0   0  2  0  0  0  0/0    15:19   0:00   2:22 
Rasmus Ristolainen       0  1  1  -1  2   0  0  1  4  0  0/0    18:35   1:37   0:00 
Reilly Smith             0  0  0   0  0   4  1  1  3  0  0/0    14:45   1:39   0:00 
Scottie Upshall          0  0  0   0  0   0  0  0  0  0  0/0     7:08   0:00   0:00 
Tyler Johnson            0  0  0  -1  0   1  2  0  0  0  15/27  22:26   1:24   5:03 

Players Stats for Coyotes

Player Name              G  A  P  +/- PIM S  H  SB GA TA FO     MP     PP MP  PK MP  
------------------------------------------------------------------------------------
Andrew MacDonald         0  0  0   0  0   0  0  0  0  0  0/0     5:29   0:00   1:23 
Anton Stralman           0  0  0   0  0   1  3  1  0  0  0/0    20:52   1:17   1:40 
Brad Richards            0  0  0   0  0   5  1  0  0  1  3/10   20:00   3:55   0:31 
Chris Stewart            0  0  0   0  0   1  0  0  0  2  0/1    19:55   4:03   0:00 
Eric Tangradi            0  0  0   0  0   2  5  0  0  0  1/2    13:25   0:12   0:28 
Evgeny Artyukhin         0  0  0   0  0   2  3  0  0  1  0/0    12:48   0:36   0:28 
Jamie Arniel             0  0  0   0  0   0  3  1  0  2  2/7    15:58   0:32   2:04 
Josh Gorges              0  0  0   1  0   0  2  0  0  2  0/0    17:11   0:00   1:40 
Kristopher Letang        0  0  0   0  0   2  3  3  0  0  0/0    27:03   5:59   0:00 
Marian Gaborik           0  0  0   1  0   3  1  0  0  1  1/4    24:39   5:16   0:00 
Matt Donovan             0  1  1   1  2   1  0  3  0  1  0/0    16:28   3:56   0:00 
Michael Del Zotto        0  0  0   1  0   2  1  1  0  0  0/0    21:17   4:57   0:00 
Nazem Kadri              1  0  1   2  0   3  0  1  0  0  9/20   20:21   5:16   0:00 
Nick Bonino              0  0  0   0  0   0  1  0  0  0  0/0     5:31   0:00   0:00 
Ramzi Abid               0  0  0   0  0   0  0  0  0  1  0/0     7:35   0:00   2:04 
Thomas Hickey            1  0  1   1  0   1  0  0  0  3  0/0    18:17   4:17   1:23 
Tyler Ennis              0  1  1   1  2   5  1  1  0  0  4/5    21:25   5:16   0:00 
Zach Parise              0  1  1   1  0   1  2  1  2  1  1/2    20:45   4:03   0:31 

3 Stars

1 - Maxime Daigneault (Ari)
2 - Nazem Kadri (Ari)
3 - Thomas Hickey (Ari)

Power Play

Lightning - 1 on 2 Attempt(s) - 50.00%
Coyotes - 0 on 5 Attempt(s) - 0.00%

Penalty Kill

Lightning - 5 on 5 Attempt(s) - 100.00% - Score 0 goal in Penalty Kill
Coyotes - 1 on 2 Attempt(s) - 50.00% - Score 0 goal in Penalty Kill

Team Stat

Lightning - Hits : 30 - Faceoff Wins : 30 - Blocked Shots : 5 - Penalty Minutes : 10
Coyotes - Hits : 26 - Faceoff Wins : 21 - Blocked Shots : 12 - Penalty Minutes : 4

Official

Referees : Unknown
Linesman : Unknown

Game Notes

No Game Note

Finance

Level 1 -- Attendance: 6000 (100.00%) -- Ticket Income $630,000
Level 2 -- Attendance: 5000 (100.00%) -- Ticket Income $325,000
Level 3 -- Attendance: 2000 (100.00%) -- Ticket Income $80,000
Level 4 -- Attendance: 3444 (86.10%) -- Ticket Income $103,320
Luxury Box -- Attendance: 929 (92.90%) -- Ticket Income $167,220
Game was played at the The Pack Center.
Total Attendance: 17373 (96.52%)
Total Ticket Income: $1,305,540
Other Income: $195,831
Total Income: $1,501,371

Lightning

5 vs 5 Forward 
   Center                   Left Wing                Right Wing               Time % Phy DF OF 
 1 Tyler Johnson            Henrik Zetterberg        Kris Versteeg            35     1   2  2  
 2 Jean-Gabriel Pageau      Daniel Carcillo          Reilly Smith             30     1   2  2  
 3 Mark Scheifele           Jaden Schwartz           Patrick Kaleta           30     1   2  2  
 4 Mikael Backlund          Darren Helm              Scottie Upshall          5      1   2  2  

5 vs 5 Defense 
   Defense                  Defense                                           Time % Phy DF OF 
 1 Alex Goligoski           Joni Pitkanen                                     35     1   2  2  
 2 Ben Lovejoy              Justin Schultz                                    30     1   2  2  
 3 Jon Merrill              Rasmus Ristolainen                                30     1   2  2  
 4 Rasmus Ristolainen       Joni Pitkanen                                     5      1   2  2  

PowerPlay Forward 
   Center                   Left Wing                Right Wing               Time % Phy DF OF 
 1 Tyler Johnson            Henrik Zetterberg        Kris Versteeg            60     1   2  2  
 2 Jean-Gabriel Pageau      Jaden Schwartz           Reilly Smith             40     1   2  2  

PowerPlay Defense
   Defense                  Defense                                           Time % Phy DF OF 
 1 Alex Goligoski           Joni Pitkanen                                     60     1   2  2  
 2 Justin Schultz           Rasmus Ristolainen                                40     1   2  2  

Penalty Kill 4 Players Forward 
   Center                   Wing                     Time % Phy DF OF 
 1 Tyler Johnson            Henrik Zetterberg        60     1   2  2  
 2 Mark Scheifele           Patrick Kaleta           40     1   2  2  

Penalty Kill 4 Players Defense
   Defense                  Defense                  Time % Phy DF OF 
 1 Alex Goligoski           Jon Merrill              60     1   2  2  
 2 Ben Lovejoy              Joni Pitkanen            40     1   2  2  

Penalty Kill - 3 Players Forward 
   Forward                                           Time % Phy DF OF 
 1 Tyler Johnson                                     60     1   2  2  
 2 Mark Scheifele                                    40     1   2  2  

Penalty Kill - 3 Players Defense
   Defense                  Defense                  Time % Phy DF OF 
 1 Alex Goligoski           Jon Merrill              60     1   2  2  
 2 Justin Schultz           Joni Pitkanen            40     1   2  2  

4 vs 4 Forward 
   Center                   Wing                     Time % Phy DF OF 
 1 Tyler Johnson            Henrik Zetterberg        60     1   2  2  
 2 Mark Scheifele           Daniel Carcillo          40     1   2  2  

4 vs 4 Defense
   Defense                  Defense                  Time % Phy DF OF 
 1 Alex Goligoski           Joni Pitkanen            60     1   2  2  
 2 Ben Lovejoy              Justin Schultz           40     1   2  2  

Last Minutes Offensive
   Center                   Left Wing                Right Wing               Defense                  Defense                  
   Tyler Johnson            Henrik Zetterberg        Kris Versteeg            Alex Goligoski           Rasmus Ristolainen       

Last Minutes Defensive
   Center                   Left Wing                Right Wing               Defense                  Defense                  
   Tyler Johnson            Henrik Zetterberg        Kris Versteeg            Alex Goligoski           Jon Merrill              

Goaltenders
Starting : Philipp Grubauer         
Backup : Jhonas Enroth            

Extra Forwards
Normal : Mark Scheifele, Reilly Smith, Jaden Schwartz - PP : Mark Scheifele, Reilly Smith - PK : Jaden Schwartz
Extra Defensemen
Normal : Jon Merrill, Rasmus Ristolainen, Alex Goligoski - PP : Jon Merrill - PK : Ben Lovejoy, Rasmus Ristolainen
Penalty Shots
Kris Versteeg, Henrik Zetterberg, Tyler Johnson, Mark Scheifele, Jaden Schwartz

Scratches
Brendan Bell (Healthy), Jesper Fast (Healthy)

Coyotes

5 vs 5 Forward 
   Center                   Left Wing                Right Wing               Time % Phy DF OF 
 1 Nazem Kadri              Tyler Ennis              Marian Gaborik           40     0   2  3  
 2 Brad Richards            Zach Parise              Chris Stewart            30     0   2  3  
 3 Jamie Arniel             Eric Tangradi            Evgeny Artyukhin         20     0   2  3  
 4 Nick Bonino              Ramzi Abid               Marian Gaborik           10     0   2  3  

5 vs 5 Defense 
   Defense                  Defense                                           Time % Phy DF OF 
 1 Kristopher Letang        Anton Stralman                                    40     0   3  2  
 2 Josh Gorges              Michael Del Zotto                                 30     0   3  2  
 3 Matt Donovan             Thomas Hickey                                     20     0   3  2  
 4 Andrew MacDonald         Kristopher Letang                                 10     0   3  2  

PowerPlay Forward 
   Center                   Left Wing                Right Wing               Time % Phy DF OF 
 1 Nazem Kadri              Tyler Ennis              Marian Gaborik           60     0   1  4  
 2 Brad Richards            Zach Parise              Chris Stewart            40     0   1  4  

PowerPlay Defense
   Defense                  Defense                                           Time % Phy DF OF 
 1 Kristopher Letang        Michael Del Zotto                                 60     0   2  3  
 2 Thomas Hickey            Matt Donovan                                      40     0   2  3  

Penalty Kill 4 Players Forward 
   Center                   Wing                     Time % Phy DF OF 
 1 Jamie Arniel             Ramzi Abid               60     0   3  2  
 2 Brad Richards            Zach Parise              40     0   3  2  

Penalty Kill 4 Players Defense
   Defense                  Defense                  Time % Phy DF OF 
 1 Josh Gorges              Anton Stralman           60     1   4  0  
 2 Andrew MacDonald         Thomas Hickey            40     1   4  0  

Penalty Kill - 3 Players Forward 
   Forward                                           Time % Phy DF OF 
 1 Tyler Ennis                                       60     0   4  1  
 2 Brad Richards                                     40     0   4  1  

Penalty Kill - 3 Players Defense
   Defense                  Defense                  Time % Phy DF OF 
 1 Kristopher Letang        Anton Stralman           60     1   2  0  
 2 Josh Gorges              Andrew MacDonald         40     1   4  0  

4 vs 4 Forward 
   Center                   Wing                     Time % Phy DF OF 
 1 Tyler Ennis              Marian Gaborik           60     0   2  3  
 2 Zach Parise              Nazem Kadri              40     0   2  3  

4 vs 4 Defense
   Defense                  Defense                  Time % Phy DF OF 
 1 Kristopher Letang        Anton Stralman           60     0   3  2  
 2 Josh Gorges              Michael Del Zotto        40     0   3  2  

Last Minutes Offensive
   Center                   Left Wing                Right Wing               Defense                  Defense                  
   Nazem Kadri              Tyler Ennis              Marian Gaborik           Kristopher Letang        Anton Stralman           

Last Minutes Defensive
   Center                   Left Wing                Right Wing               Defense                  Defense                  
   Brad Richards            Tyler Ennis              Marian Gaborik           Josh Gorges              Anton Stralman           

Goaltenders
Starting : Maxime Daigneault        
Backup : Thomas McCollum          

Extra Forwards
Normal : Jamie Arniel, Eric Tangradi, Evgeny Artyukhin - PP : Jamie Arniel, Evgeny Artyukhin - PK : Evgeny Artyukhin
Extra Defensemen
Normal : Andrew MacDonald, Thomas Hickey, Matt Donovan - PP : Josh Gorges - PK : Thomas Hickey, Kristopher Letang
Penalty Shots
Tyler Ennis, Marian Gaborik, Zach Parise, Nazem Kadri, Brad Richards

Scratches
Martin Samuelsson (Healthy), Mike Weber (Healthy)

% Time on Ice - Lightning

Lines # - Real PCT - Wanted PCT - Time Play
Normal Forward
1 - 31% - 35% - 14:30
2 - 27% - 30% - 12:46
3 - 27% - 30% - 12:38
4 - 15% - 5% - 7:08
Normal Defense
1 - 36% - 35% - 16:44
2 - 29% - 30% - 13:36
3 - 29% - 30% - 13:29
4 - 7% - 5% - 3:13
PP Forward
1 - 46% - 60% - 1:24
2 - 54% - 40% - 1:39
PP Defense
1 - 47% - 60% - 1:26
2 - 53% - 40% - 1:37
PK Forward
1 - 76% - 60% - 7:33
2 - 24% - 40% - 2:22
PK Defense
1 - 55% - 60% - 5:29
2 - 45% - 40% - 4:26
PK3 Forward
1 - 0% - 60%
2 - 0% - 40%
PK3 Defense
1 - 0% - 60%
2 - 0% - 40%
44 Forward
1 - 85% - 60% - 2:33
2 - 15% - 40% - 0:28
44 Defense
1 - 66% - 60% - 1:59
2 - 34% - 40% - 1:02
Last Minute Offensive  - 0:00
Last Minute Defensive  - 0:00
Total
Forward - 63:01
Defense - 63:01

% Time on Ice - Coyotes

Lines # - Real PCT - Wanted PCT - Time Play
Normal Forward
1 - 32% - 40% - 14:54
2 - 33% - 30% - 15:33
3 - 24% - 20% - 11:04
4 - 12% - 10% - 5:31
Normal Defense
1 - 38% - 40% - 17:42
2 - 32% - 30% - 15:02
3 - 24% - 20% - 11:07
4 - 7% - 10% - 3:11
PP Forward
1 - 59% - 60% - 5:52
2 - 41% - 40% - 4:03
PP Defense
1 - 60% - 60% - 5:59
2 - 40% - 40% - 3:56
PK Forward
1 - 83% - 60% - 2:32
2 - 17% - 40% - 0:31
PK Defense
1 - 55% - 60% - 1:40
2 - 45% - 40% - 1:23
PK3 Forward
1 - 0% - 60%
2 - 0% - 40%
PK3 Defense
1 - 0% - 60%
2 - 0% - 40%
44 Forward
1 - 75% - 60% - 2:16
2 - 25% - 40% - 0:45
44 Defense
1 - 64% - 60% - 1:56
2 - 36% - 40% - 1:05
Last Minute Offensive  - 0:00
Last Minute Defensive  - 0:00
Total
Forward - 63:01
Defense - 63:01

Play-by-Play

1st period


0:01 of 1st period - Nazem Kadri wins face-off versus Tyler Johnson in neutral zone.
0:14 of 1st period - Snap shot by Nazem Kadri.
0:14 of 1st period - Stopped by Philipp Grubauer without a rebound.
0:15 of 1st period - Jean-Gabriel Pageau wins face-off versus Brad Richards in Lightning zone.
0:15 of 1st period - Jean-Gabriel Pageau is hit by Josh Gorges.
0:29 of 1st period - Snap shot by Daniel Carcillo.
0:29 of 1st period - Stopped by Maxime Daigneault with a rebound.
0:41 of 1st period - Justin Schultz is hit by Eric Tangradi and loses puck.
0:50 of 1st period - Slapshot by Evgeny Artyukhin.
0:50 of 1st period - Stopped by Philipp Grubauer with a rebound.
0:52 of 1st period - Slapshot by Matt Donovan.
0:52 of 1st period - Stopped by Philipp Grubauer with a rebound.
0:54 of 1st period - Slapshot by Evgeny Artyukhin.
0:54 of 1st period - Stopped by Philipp Grubauer with a rebound.
1:36 of 1st period - Wrist shot by Henrik Zetterberg.
1:36 of 1st period - Stopped by Maxime Daigneault with a rebound.
2:32 of 1st period - Slapshot by Kris Versteeg.
2:32 of 1st period - Shot Blocked by Matt Donovan.
2:34 of 1st period - Wrist shot by Kris Versteeg.
2:34 of 1st period - Stopped by Maxime Daigneault with a rebound.
2:50 of 1st period - Slapshot by Daniel Carcillo.
2:50 of 1st period - Stopped by Maxime Daigneault without a rebound.
2:51 of 1st period - Jean-Gabriel Pageau wins face-off versus Brad Richards in Coyotes zone.
3:00 of 1st period - Snap shot by Reilly Smith.
3:00 of 1st period - Stopped by Maxime Daigneault with a rebound.
4:12 of 1st period - Michael Del Zotto is hit by Jon Merrill.
4:53 of 1st period - Snap shot by Tyler Johnson.
4:53 of 1st period - Stopped by Maxime Daigneault with a rebound.
5:50 of 1st period - Snap shot by Kris Versteeg.
5:50 of 1st period - Shot Misses the Net.
6:53 of 1st period - Snap shot by Mark Scheifele.
6:53 of 1st period - Stopped by Maxime Daigneault with a rebound.
7:09 of 1st period - Jon Merrill is hit by Jamie Arniel and loses puck.
7:18 of 1st period - Kristopher Letang is hit by Reilly Smith and loses puck.
7:29 of 1st period - Jamie Arniel is hit by Kris Versteeg and loses puck.
7:52 of 1st period - Snap shot by Mikael Backlund.
7:52 of 1st period - Stopped by Maxime Daigneault with a rebound.
7:54 of 1st period - Slapshot by Justin Schultz.
7:54 of 1st period - Stopped by Maxime Daigneault without a rebound.
7:55 of 1st period - Mikael Backlund wins face-off versus Brad Richards in Coyotes zone.
8:06 of 1st period - Snap shot by Zach Parise.
8:06 of 1st period - Shot Blocked by Darren Helm.
8:08 of 1st period - Backhand shot by Zach Parise.
8:08 of 1st period - Shot Misses the Net.
8:10 of 1st period - Slapshot by Michael Del Zotto.
8:10 of 1st period - Shot Misses the Net.
8:47 of 1st period - Wrist shot by Henrik Zetterberg.
8:47 of 1st period - Shot Misses the Net.
9:16 of 1st period - Slapshot by Daniel Carcillo.
9:16 of 1st period - Shot Blocked by Matt Donovan.
9:28 of 1st period - Icing by Marian Gaborik.
9:29 of 1st period - Nazem Kadri wins face-off versus Mark Scheifele in Coyotes zone.
10:16 of 1st period - Snap shot by Tyler Ennis.
10:16 of 1st period - Shot Misses the Net.
10:22 of 1st period - Wrist shot by Nazem Kadri.
10:22 of 1st period - Stopped by Philipp Grubauer with a rebound.
10:36 of 1st period - Slapshot by Tyler Ennis.
10:36 of 1st period - Stopped by Philipp Grubauer with a rebound.
10:38 of 1st period - Snap shot by Tyler Ennis.
10:38 of 1st period - Shot Misses the Net.
10:40 of 1st period - Snap shot by Marian Gaborik.
10:40 of 1st period - Stopped by Philipp Grubauer with a rebound.
10:42 of 1st period - Wrist shot by Tyler Ennis.
10:42 of 1st period - Stopped by Philipp Grubauer without a rebound.
10:43 of 1st period - Tyler Johnson wins face-off versus Jamie Arniel in Lightning zone.
11:14 of 1st period - Wrist shot by Brad Richards.
11:14 of 1st period - Stopped by Philipp Grubauer without a rebound.
11:15 of 1st period - Jean-Gabriel Pageau wins face-off versus Brad Richards in Lightning zone.
11:30 of 1st period - Wrist shot by Zach Parise.
11:30 of 1st period - Shot Misses the Net.
12:14 of 1st period - Snap shot by Zach Parise.
12:14 of 1st period - Deflect By Brad Richards.
12:14 of 1st period - Stopped by Philipp Grubauer with a rebound.
12:16 of 1st period - Wrist shot by Michael Del Zotto.
12:16 of 1st period - Stopped by Philipp Grubauer without a rebound.
12:17 of 1st period - Nazem Kadri wins face-off versus Henrik Zetterberg in Lightning zone.
12:26 of 1st period - Wrist shot by Tyler Ennis.
12:26 of 1st period - Stopped by Philipp Grubauer without a rebound.
12:27 of 1st period - Nazem Kadri wins face-off versus Tyler Johnson in Lightning zone.
12:30 of 1st period - Slapshot by Marian Gaborik.
12:30 of 1st period - Stopped by Philipp Grubauer without a rebound.
12:31 of 1st period - Tyler Johnson wins face-off versus Nazem Kadri in Lightning zone.
12:46 of 1st period - Slapshot by Joni Pitkanen.
12:46 of 1st period - Shot Blocked by Anton Stralman.
12:58 of 1st period - Jaden Schwartz is hit by Evgeny Artyukhin and loses puck.
13:39 of 1st period - Snap shot by Henrik Zetterberg.
13:39 of 1st period - Shot Misses the Net.
13:41 of 1st period - Backhand shot by Jon Merrill.
13:41 of 1st period - Shot Blocked by Kristopher Letang.
13:45 of 1st period - Wrist shot by Henrik Zetterberg.
13:45 of 1st period - Stopped by Maxime Daigneault with a rebound.
13:47 of 1st period - Wrist shot by Kris Versteeg.
13:47 of 1st period - Shot Blocked by Kristopher Letang.
14:51 of 1st period - Snap shot by Daniel Carcillo.
14:51 of 1st period - Deflect By Reilly Smith.
14:51 of 1st period - Stopped by Maxime Daigneault with a rebound.
15:05 of 1st period - Wrist shot by Evgeny Artyukhin.
15:05 of 1st period - Shot Misses the Net.
16:01 of 1st period - Snap shot by Mikael Backlund.
16:01 of 1st period - Stopped by Maxime Daigneault with a rebound.
16:03 of 1st period - Slapshot by Ben Lovejoy.
16:03 of 1st period - Shot Blocked by Michael Del Zotto.
16:26 of 1st period - Nick Bonino is hit by Ben Lovejoy.
17:13 of 1st period - Icing by Ramzi Abid.
17:14 of 1st period - Mark Scheifele wins face-off versus Brad Richards in Coyotes zone.
18:37 of 1st period - Snap shot by Zach Parise.
18:37 of 1st period - Shot Misses the Net.
18:51 of 1st period - Wrist shot by Jaden Schwartz.
18:51 of 1st period - Stopped by Maxime Daigneault with a rebound.
18:53 of 1st period - Snap shot by Mark Scheifele.
18:53 of 1st period - Shot Misses the Net.
19:11 of 1st period - Thomas Hickey is hit by Tyler Johnson and loses puck.
19:58 of 1st period - Nick Bonino is hit by Patrick Kaleta and loses puck.
Goals for this period are 0 for Lightning vs 0 for Coyotes.
Shots for this period are 13 for Lightning vs 13 for Coyotes.

2nd period


0:01 of 2nd period - Nazem Kadri wins face-off versus Tyler Johnson in neutral zone.
0:04 of 2nd period - Slapshot by Kristopher Letang.
0:04 of 2nd period - Shot Misses the Net.
0:26 of 2nd period - Jean-Gabriel Pageau is hit by Eric Tangradi and loses puck.
1:01 of 2nd period - Chris Stewart is hit by Joni Pitkanen and loses puck.
1:20 of 2nd period - Brad Richards is hit by Patrick Kaleta and loses puck.
1:58 of 2nd period - Wrist shot by Brad Richards.
1:58 of 2nd period - Stopped by Philipp Grubauer with a rebound.
2:05 of 2nd period - Minor Penalty to Joni Pitkanen for Hooking.
2:06 of 2nd period - Tyler Johnson wins face-off versus Nazem Kadri in Lightning zone.
2:59 of 2nd period - Daniel Carcillo is hit by Jamie Arniel.
3:53 of 2nd period - Justin Schultz is hit by Anton Stralman and loses puck.
4:05 of 2nd period - Penalty to Joni Pitkanen is over, Joni Pitkanen is back on ice.
4:09 of 2nd period - Off-side.
4:10 of 2nd period - Mikael Backlund wins face-off versus Jamie Arniel in neutral zone.
4:15 of 2nd period - Snap shot by Mikael Backlund.
4:15 of 2nd period - Shot Misses the Net.
4:29 of 2nd period - Minor Penalty to Matt Donovan for Tripping.
4:30 of 2nd period - Tyler Johnson wins face-off versus Jamie Arniel in Coyotes zone.
4:41 of 2nd period - Snap shot by Henrik Zetterberg.
4:41 of 2nd period - Shot Blocked by Jamie Arniel.
5:03 of 2nd period - Wrist shot by Jean-Gabriel Pageau.
5:03 of 2nd period - Deflect By Reilly Smith.
5:03 of 2nd period - Shot Misses the Net.
5:03 of 2nd period - Puck is out of play.
5:04 of 2nd period - Jean-Gabriel Pageau wins face-off versus Jamie Arniel in Coyotes zone.
5:33 of 2nd period - Snap shot by Jaden Schwartz.
5:33 of 2nd period - Goal by Jaden Schwartz - Lightning : 1 - Coyotes : 0.
5:34 of 2nd period - Tyler Johnson wins face-off versus Nazem Kadri in neutral zone.
5:39 of 2nd period - Slapshot by Kris Versteeg.
5:39 of 2nd period - Deflect By Henrik Zetterberg.
5:39 of 2nd period - Stopped by Maxime Daigneault with a rebound.
5:45 of 2nd period - Snap shot by Henrik Zetterberg.
5:45 of 2nd period - Deflect By Tyler Ennis.
5:45 of 2nd period - Stopped by Maxime Daigneault with a rebound.
6:28 of 2nd period - Slapshot by Jean-Gabriel Pageau.
6:28 of 2nd period - Stopped by Maxime Daigneault without a rebound.
6:29 of 2nd period - Daniel Carcillo wins face-off versus Marian Gaborik in Coyotes zone.
6:40 of 2nd period - Slapshot by Daniel Carcillo.
6:40 of 2nd period - Shot Misses the Net.
6:42 of 2nd period - Slapshot by Jean-Gabriel Pageau.
6:42 of 2nd period - Stopped by Maxime Daigneault without a rebound.
6:43 of 2nd period - Nazem Kadri wins face-off versus Jean-Gabriel Pageau in Coyotes zone.
7:28 of 2nd period - Ben Lovejoy is hit by Anton Stralman and loses puck.
7:39 of 2nd period - Wrist shot by Brad Richards.
7:39 of 2nd period - Shot Misses the Net.
8:20 of 2nd period - Snap shot by Tyler Ennis.
8:20 of 2nd period - Stopped by Philipp Grubauer with a rebound.
8:22 of 2nd period - Slapshot by Matt Donovan.
8:22 of 2nd period - Shot Blocked by Rasmus Ristolainen.
8:24 of 2nd period - Slapshot by Thomas Hickey.
8:24 of 2nd period - Goal by Thomas Hickey - Lightning : 1 - Coyotes : 1.
8:25 of 2nd period - Tyler Johnson wins face-off versus Jamie Arniel in neutral zone.
8:28 of 2nd period - Jamie Arniel is hit by Tyler Johnson and loses puck.
8:36 of 2nd period - Icing by Anton Stralman.
8:37 of 2nd period - Jamie Arniel wins face-off versus Tyler Johnson in Coyotes zone.
8:37 of 2nd period - Jamie Arniel is hit by Alex Goligoski.
8:43 of 2nd period - Backhand shot by Kristopher Letang.
8:43 of 2nd period - Stopped by Philipp Grubauer with a rebound.
8:45 of 2nd period - Wrist shot by Eric Tangradi.
8:45 of 2nd period - Stopped by Philipp Grubauer without a rebound.
8:46 of 2nd period - Tyler Johnson wins face-off versus Nazem Kadri in Lightning zone.
9:19 of 2nd period - Daniel Carcillo is hit by Eric Tangradi and loses puck.
9:38 of 2nd period - Josh Gorges is hit by Mark Scheifele and loses puck.
11:17 of 2nd period - Slapshot by Kris Versteeg.
11:17 of 2nd period - Stopped by Maxime Daigneault without a rebound.
11:18 of 2nd period - Tyler Johnson wins face-off versus Nazem Kadri in Coyotes zone.
11:47 of 2nd period - Wrist shot by Daniel Carcillo.
11:47 of 2nd period - Stopped by Maxime Daigneault with a rebound.
11:49 of 2nd period - Backhand shot by Joni Pitkanen.
11:49 of 2nd period - Shot Misses the Net.
11:51 of 2nd period - Wrist shot by Joni Pitkanen.
11:51 of 2nd period - Stopped by Maxime Daigneault with a rebound.
11:53 of 2nd period - Snap shot by Reilly Smith.
11:53 of 2nd period - Stopped by Maxime Daigneault with a rebound.
12:13 of 2nd period - Slapshot by Ben Lovejoy.
12:13 of 2nd period - Deflect By Jaden Schwartz.
12:13 of 2nd period - Shot Misses the Net.
12:13 of 2nd period - Puck is out of play.
12:14 of 2nd period - Tyler Johnson wins face-off versus Nazem Kadri in Coyotes zone.
12:19 of 2nd period - Wrist shot by Kris Versteeg.
12:19 of 2nd period - Shot Blocked by Tyler Ennis.
12:21 of 2nd period - Slapshot by Alex Goligoski.
12:21 of 2nd period - Shot Misses the Net.
12:23 of 2nd period - Slapshot by Kris Versteeg.
12:23 of 2nd period - Stopped by Maxime Daigneault without a rebound.
12:24 of 2nd period - Nazem Kadri wins face-off versus Kris Versteeg in Coyotes zone.
12:26 of 2nd period - Minor Penalty to Tyler Ennis for Hooking.
12:27 of 2nd period - Jamie Arniel wins face-off versus Tyler Johnson in Coyotes zone.
14:04 of 2nd period - Alex Goligoski is hit by Evgeny Artyukhin and loses puck.
14:26 of 2nd period - Penalty to Tyler Ennis is over, Tyler Ennis is back on ice.
14:35 of 2nd period - Mikael Backlund is hit by Marian Gaborik and loses puck.
14:42 of 2nd period - Kristopher Letang is hit by Alex Goligoski and loses puck.
14:53 of 2nd period - Jon Merrill is hit by Anton Stralman and loses puck.
15:08 of 2nd period - Jon Merrill is hit by Zach Parise and loses puck.
15:37 of 2nd period - Matt Donovan is hit by Darren Helm.
15:49 of 2nd period - Ramzi Abid is hit by Henrik Zetterberg and loses puck.
16:31 of 2nd period - Darren Helm is hit by Evgeny Artyukhin.
16:45 of 2nd period - Slapshot by Justin Schultz.
16:45 of 2nd period - Shot Blocked by Zach Parise.
17:06 of 2nd period - Rasmus Ristolainen is hit by Eric Tangradi and loses puck.
17:21 of 2nd period - Nazem Kadri is hit by Kris Versteeg and loses puck.
18:12 of 2nd period - Jamie Arniel is hit by Jaden Schwartz and loses puck.
18:25 of 2nd period - Brad Richards is hit by Henrik Zetterberg and loses puck.
18:34 of 2nd period - Zach Parise is hit by Alex Goligoski and loses puck.
18:52 of 2nd period - Wrist shot by Zach Parise.
18:52 of 2nd period - Shot Hit the Post.
18:54 of 2nd period - Slapshot by Josh Gorges.
18:54 of 2nd period - Deflect By Chris Stewart.
18:54 of 2nd period - Stopped by Philipp Grubauer without a rebound.
18:55 of 2nd period - Mark Scheifele wins face-off versus Nazem Kadri in Lightning zone.
19:24 of 2nd period - Snap shot by Eric Tangradi.
19:24 of 2nd period - Stopped by Philipp Grubauer without a rebound.
19:25 of 2nd period - Tyler Johnson wins face-off versus Eric Tangradi in Lightning zone.
19:30 of 2nd period - Eric Tangradi is hit by Alex Goligoski and loses puck.
19:37 of 2nd period - Wrist shot by Kris Versteeg.
19:37 of 2nd period - Shot Misses the Net.
19:39 of 2nd period - Slapshot by Alex Goligoski.
19:39 of 2nd period - Stopped by Maxime Daigneault without a rebound.
19:40 of 2nd period - Jean-Gabriel Pageau wins face-off versus Marian Gaborik in Coyotes zone.
19:51 of 2nd period - Snap shot by Reilly Smith.
19:51 of 2nd period - Stopped by Maxime Daigneault without a rebound.
19:52 of 2nd period - Nazem Kadri wins face-off versus Tyler Johnson in Coyotes zone.
19:52 of 2nd period - Nazem Kadri is hit by Henrik Zetterberg.
Goals for this period are 1 for Lightning vs 1 for Coyotes.
Shots for this period are 12 for Lightning vs 7 for Coyotes.

3rd period


0:01 of 3rd period - Tyler Johnson wins face-off versus Nazem Kadri in neutral zone.
0:03 of 3rd period - Minor Penalty to Kris Versteeg for Tripping.
0:04 of 3rd period - Marian Gaborik wins face-off versus Tyler Johnson in Lightning zone.
0:30 of 3rd period - Alex Goligoski is hit by Kristopher Letang and loses puck.
1:01 of 3rd period - Nazem Kadri is hit by Mark Scheifele and loses puck.
1:30 of 3rd period - Zach Parise is hit by Daniel Carcillo and loses puck.
2:03 of 3rd period - Penalty to Kris Versteeg is over, Kris Versteeg is back on ice.
2:13 of 3rd period - Icing by Thomas Hickey.
2:14 of 3rd period - Eric Tangradi wins face-off versus Jean-Gabriel Pageau in Coyotes zone.
2:24 of 3rd period - Jean-Gabriel Pageau is hit by Jamie Arniel and loses puck.
2:43 of 3rd period - Kris Versteeg is hit by Zach Parise.
2:53 of 3rd period - Minor Penalty to Rasmus Ristolainen for Roughing.
2:54 of 3rd period - Tyler Johnson wins face-off versus Marian Gaborik in Lightning zone.
4:45 of 3rd period - Icing by Kristopher Letang.
4:46 of 3rd period - Brad Richards wins face-off versus Mark Scheifele in Coyotes zone.
4:53 of 3rd period - Penalty to Rasmus Ristolainen is over, Rasmus Ristolainen is back on ice.
5:08 of 3rd period - Slapshot by Jean-Gabriel Pageau.
5:08 of 3rd period - Shot Misses the Net.
5:30 of 3rd period - Ramzi Abid is hit by Mikael Backlund.
5:47 of 3rd period - Wrist shot by Jaden Schwartz.
5:47 of 3rd period - Stopped by Maxime Daigneault with a rebound.
6:09 of 3rd period - Tyler Johnson is hit by Eric Tangradi and loses puck.
6:54 of 3rd period - Slapshot by Daniel Carcillo.
6:54 of 3rd period - Shot Blocked by Matt Donovan.
7:10 of 3rd period - Minor Penalty to Jaden Schwartz for Delaying the game.
7:11 of 3rd period - Tyler Johnson wins face-off versus Brad Richards in Lightning zone.
7:25 of 3rd period - Slapshot by Brad Richards.
7:25 of 3rd period - Stopped by Philipp Grubauer with a rebound.
7:27 of 3rd period - Slapshot by Kristopher Letang.
7:27 of 3rd period - Shot Misses the Net.
7:45 of 3rd period - Snap shot by Michael Del Zotto.
7:45 of 3rd period - Stopped by Philipp Grubauer without a rebound.
7:46 of 3rd period - Nazem Kadri wins face-off versus Tyler Johnson in Lightning zone.
8:23 of 3rd period - Wrist shot by Mark Scheifele.
8:23 of 3rd period - Stopped by Maxime Daigneault with a rebound.
8:45 of 3rd period - Alex Goligoski is hit by Brad Richards and loses puck.
8:58 of 3rd period - Snap shot by Patrick Kaleta.
8:58 of 3rd period - Deflect By Mark Scheifele.
8:58 of 3rd period - Stopped by Maxime Daigneault without a rebound.
8:59 of 3rd period - Tyler Ennis wins face-off versus Mark Scheifele in Coyotes zone.
9:10 of 3rd period - Penalty to Jaden Schwartz is over, Jaden Schwartz is back on ice.
9:16 of 3rd period - Wrist shot by Brad Richards.
9:16 of 3rd period - Stopped by Philipp Grubauer without a rebound.
9:17 of 3rd period - Brad Richards wins face-off versus Jean-Gabriel Pageau in Lightning zone.
9:26 of 3rd period - Slapshot by Zach Parise.
9:26 of 3rd period - Shot Misses the Net.
9:28 of 3rd period - Snap shot by Zach Parise.
9:28 of 3rd period - Stopped by Philipp Grubauer with a rebound.
9:30 of 3rd period - Slapshot by Anton Stralman.
9:30 of 3rd period - Shot Blocked by Reilly Smith.
9:44 of 3rd period - Marian Gaborik is hit by Ben Lovejoy.
9:48 of 3rd period - Wrist shot by Nazem Kadri.
9:48 of 3rd period - Deflect By Tyler Ennis.
9:48 of 3rd period - Shot Blocked by Ben Lovejoy.
9:48 of 3rd period - Puck is out of play.
9:49 of 3rd period - Tyler Johnson wins face-off versus Nazem Kadri in Lightning zone.
10:00 of 3rd period - Tyler Johnson is hit by Josh Gorges and loses puck.
10:15 of 3rd period - Zach Parise is hit by Joni Pitkanen and loses puck.
10:42 of 3rd period - Snap shot by Jean-Gabriel Pageau.
10:42 of 3rd period - Stopped by Maxime Daigneault with a rebound.
10:57 of 3rd period - Matt Donovan is hit by Jon Merrill and loses puck.
11:06 of 3rd period - Snap shot by Mikael Backlund.
11:06 of 3rd period - Shot Blocked by Nazem Kadri.
11:08 of 3rd period - Slapshot by Ben Lovejoy.
11:08 of 3rd period - Shot Misses the Net.
11:59 of 3rd period - Slapshot by Michael Del Zotto.
11:59 of 3rd period - Deflect By Chris Stewart.
11:59 of 3rd period - Shot Misses the Net.
11:59 of 3rd period - Puck is out of play.
12:00 of 3rd period - Jean-Gabriel Pageau wins face-off versus Chris Stewart in Lightning zone.
12:52 of 3rd period - Snap shot by Tyler Ennis.
12:52 of 3rd period - Deflect By Marian Gaborik.
12:52 of 3rd period - Shot Misses the Net.
12:52 of 3rd period - Puck is out of play.
12:53 of 3rd period - Jean-Gabriel Pageau wins face-off versus Nazem Kadri in Lightning zone.
12:53 of 3rd period - Jean-Gabriel Pageau is hit by Tyler Ennis.
13:46 of 3rd period - Jamie Arniel is hit by Jaden Schwartz and loses puck.
14:06 of 3rd period - Scottie Upshall is hit by Kristopher Letang and loses puck.
14:17 of 3rd period - Joni Pitkanen is hit by Nick Bonino and loses puck.
14:28 of 3rd period - Brad Richards is hit by Alex Goligoski and loses puck.
15:02 of 3rd period - Minor Penalty to Henrik Zetterberg for Hooking.
15:03 of 3rd period - Jaden Schwartz wins face-off versus Nazem Kadri in Lightning zone.
15:41 of 3rd period - Wrist shot by Zach Parise.
15:41 of 3rd period - Shot Misses the Net.
15:43 of 3rd period - Snap shot by Brad Richards.
15:43 of 3rd period - Shot Blocked by Alex Goligoski.
16:23 of 3rd period - Thomas Hickey is hit by Jaden Schwartz and loses puck.
17:02 of 3rd period - Penalty to Henrik Zetterberg is over, Henrik Zetterberg is back on ice.
17:03 of 3rd period - Icing by Michael Del Zotto.
17:04 of 3rd period - Mark Scheifele wins face-off versus Brad Richards in Coyotes zone.
17:26 of 3rd period - Icing by Kristopher Letang.
17:27 of 3rd period - Brad Richards wins face-off versus Tyler Johnson in Coyotes zone.
17:55 of 3rd period - Nazem Kadri is hit by Joni Pitkanen and loses puck.
18:24 of 3rd period - Tyler Johnson is hit by Michael Del Zotto.
Goals for this period are 0 for Lightning vs 0 for Coyotes.
Shots for this period are 4 for Lightning vs 4 for Coyotes.

Overtime #1


0:01 of 1st overtime period - Tyler Ennis wins face-off versus Tyler Johnson in neutral zone.
0:10 of 1st overtime period - Slapshot by Tyler Ennis.
0:10 of 1st overtime period - Stopped by Philipp Grubauer without a rebound.
0:11 of 1st overtime period - Tyler Ennis wins face-off versus Tyler Johnson in Lightning zone.
0:12 of 1st overtime period - Wrist shot by Marian Gaborik.
0:12 of 1st overtime period - Stopped by Philipp Grubauer without a rebound.
0:13 of 1st overtime period - Tyler Ennis wins face-off versus Tyler Johnson in Lightning zone.
2:08 of 1st overtime period - Slapshot by Anton Stralman.
2:08 of 1st overtime period - Stopped by Philipp Grubauer without a rebound.
2:09 of 1st overtime period - Jean-Gabriel Pageau wins face-off versus Zach Parise in Lightning zone.
2:18 of 1st overtime period - Wrist shot by Jean-Gabriel Pageau.
2:18 of 1st overtime period - Shot Blocked by Kristopher Letang.
2:20 of 1st overtime period - Wrist shot by Jean-Gabriel Pageau.
2:20 of 1st overtime period - Stopped by Maxime Daigneault without a rebound.
2:21 of 1st overtime period - Tyler Johnson wins face-off versus Tyler Ennis in Coyotes zone.
2:32 of 1st overtime period - Henrik Zetterberg is hit by Kristopher Letang and loses puck.
2:59 of 1st overtime period - Snap shot by Kristopher Letang.
2:59 of 1st overtime period - Stopped by Philipp Grubauer without a rebound.
3:00 of 1st overtime period - Zach Parise wins face-off versus Mark Scheifele in Lightning zone.
3:01 of 1st overtime period - Wrist shot by Nazem Kadri.
3:01 of 1st overtime period - Goal by Nazem Kadri - Lightning : 1 - Coyotes : 2.
Goals for this period are 0 for Lightning vs 1 for Coyotes.
Shots for this period are 1 for Lightning vs 5 for Coyotes.